PBL
KELOWNA HEAT @ VICTORIA CAPITALS
06/13/2046
 
TOP OF THE 1ST
Kelowna Heat batting - Pitching for Victoria Capitals : RHP Ron Skiles
Pitching: RHP Ron Skiles
Batting: LHB Mason Duffy 0-0: Fly out, F8 (Line Drive, 8RM, EV 85.0 MPH)
Batting: RHB Ryan Roberts 0-0: Ball
1-0: Foul Ball, location: 2F
1-1: Swinging Strike
1-2: Ball
2-2: Ball
3-2: Base on Balls
Batting: LHB Chris West 0-0: Called Strike
0-1: Foul Ball, location: 2F
0-2: Fly out, F5 (Line Drive, 56, EV 65.6 MPH)
Batting: RHB Malik Sharpless 0-0: Fly out, F9 (Line Drive, 9, EV 95.6 MPH)
Top of the 1st over - 0 runs, 0 hits, 0 errors, 1 left on base; Kelowna 0 - Victoria 0
BOTTOM OF THE 1ST
Victoria Capitals batting - Pitching for Kelowna Heat : LHP Jordan Ruiz
Pitching: LHP Jordan Ruiz
Batting: LHB Jason Kinney 0-0: Swinging Strike
0-1: Ground out 4-3 (Groundball, 4, EV 95.0 MPH)
Batting: LHB Chris Jackson 0-0: Ball
1-0: Ball
2-0: Ball
3-0: Called Strike
3-1: Foul Ball, location: 2F
3-2: Strikes out swinging
Batting: RHB Chris Skaff 0-0: Ball
1-0: Swinging Strike
1-1: Ball
2-1: Foul Ball, location: 2F
2-2: Ball
3-2: Ground out 4-3 (Groundball, 4, EV 81.2 MPH)
Bottom of the 1st over - 0 runs, 0 hits, 0 errors, 0 left on base; Kelowna 0 - Victoria 0
TOP OF THE 2ND
Kelowna Heat batting - Pitching for Victoria Capitals : RHP Ron Skiles
Batting: RHB Zach Maguire 0-0: Fly out, F8 (Line Drive, 8RM, EV 90.0 MPH)
Batting: RHB Vinny Torres 0-0: Swinging Strike
0-1: Ball
1-1: Ball
2-1: TRIPLE (Line Drive, 89XD, EV 105.6 MPH)
Batting: RHB Armando Ramirez 0-0: Fly out, F9 (Line Drive, 9, EV 89.4 MPH)
Runner from 3rd tags up, SCORES, throw by RF
Batting: RHB Ricky Aguilar 0-0: Ball
1-0: Swinging Strike
1-1: Swinging Strike
1-2: Ball
2-2: Ground out 6-3 (Groundball, 6, EV 88.1 MPH)
Top of the 2nd over - 1 run, 1 hit, 0 errors, 0 left on base; Kelowna 1 - Victoria 0
BOTTOM OF THE 2ND
Victoria Capitals batting - Pitching for Kelowna Heat : LHP Jordan Ruiz
Batting: RHB Jose Zuniga 0-0: Fly out, F8 (Line Drive, 8RM, EV 99.4 MPH)
Batting: LHB William Gonzales 0-0: Ball
1-0: Ball
2-0: Called Strike
2-1: Ball
3-1: Foul Ball, location: 2F
3-2: DOUBLE (Flyball, 89D, EV 111.2 MPH)
Batting: RHB Victor Ramirez 0-0: Ball
1-0: Called Strike
1-1: Foul Ball, location: 2F
1-2: Foul Ball, location: 2F
1-2: Ball
2-2: Foul Ball, location: 2F
2-2: Fly out, F4 (Flyball, 34D, EV 90.6 MPH)
Batting: RHB Eddie Luna 0-0: Ball
1-0: SINGLE (Groundball, 34, EV 100.6 MPH)
William Gonzales to third
Runner from 3rd tries for Home, SAFE, throw by RF to home
Batting: RHB Ziven Badersky 0-0: Ball
1-0: Ball
2-0: Fly out, F6 (Flyball, 6MD, EV 89.4 MPH)
Bottom of the 2nd over - 1 run, 2 hits, 0 errors, 1 left on base; Kelowna 1 - Victoria 1
TOP OF THE 3RD
Kelowna Heat batting - Pitching for Victoria Capitals : RHP Ron Skiles
Batting: RHB Tsugio Yamaguchi 0-0: Ball
1-0: Foul Ball, location: 2F
1-1: Foul Ball, location: 2F
1-2: Ball
2-2: Strikes out swinging
Batting: LHB Mason Duffy 0-0: Called Strike
0-1: Ground out 4-3 (Groundball, 4, EV 105.6 MPH)
Batting: RHB Ryan Roberts 0-0: Called Strike
0-1: Ball
1-1: Swinging Strike
1-2: Ball
2-2: Ball
3-2: Fly out, F3 (Line Drive, 3, EV 67.5 MPH)
Top of the 3rd over - 0 runs, 0 hits, 0 errors, 0 left on base; Kelowna 1 - Victoria 1
BOTTOM OF THE 3RD
Victoria Capitals batting - Pitching for Kelowna Heat : LHP Jordan Ruiz
Batting: RHB Joaquin Salazar 0-0: Ball
1-0: Swinging Strike
1-1: SINGLE (Line Drive, 7S, EV 93.8 MPH)
Batting: LHB Jason Kinney 0-0: Called Strike
0-1: Ball
1-1: Ball
2-1: Foul Ball, location: 2F
2-2: Foul Ball, location: 2F
2-2: SINGLE (Groundball, 34S, EV 68.8 MPH) (infield hit)
Joaquin Salazar to second
Batting: LHB Chris Jackson 0-0: Called Strike
0-1: Ball
Wild Pitch!
Joaquin Salazar to third
Jason Kinney to second
1-1: Ball
2-1: Foul Ball, location: 2F
2-2: Ball
Wild Pitch!
Joaquin Salazar scores
Jason Kinney to third
3-2: Foul Ball, location: 2F
3-2: Ground out 5-3 (Groundball, 56, EV 108.1 MPH)
Jason Kinney scores
Batting: RHB Chris Skaff 0-0: Called Strike
0-1: Swinging Strike
0-2: Ball
1-2: Ball
2-2: Ball
3-2: Base on Balls
Batting: RHB Jose Zuniga 0-0: Ball
Wild Pitch!
Chris Skaff to second
1-0: Called Strike
1-1: Ball
2-1: Ball
3-1: 2-RUN HOME RUN (Flyball, 9D, EV 100.0 MPH), Distance : 367 ft
Batting: LHB William Gonzales 0-0: Ball
1-0: Ball
2-0: Ball
3-0: Base on Balls
Batting: RHB Victor Ramirez 0-0: Hit by Pitch
William Gonzales to second
Batting: RHB Eddie Luna 0-0: Ball
1-0: Fielders Choice at 2nd, 6-4 (Groundball, 6, EV 78.8 MPH)
William Gonzales to third
Batting: RHB Ziven Badersky 0-0: Foul Ball, location: 2F
0-1: Ball
1-1: Ball
2-1: Ball
Eddie Luna steals 2nd base
3-1: Foul Ball, location: 2F
3-2: SINGLE (Groundball, 34D, EV 97.5 MPH)
William Gonzales scores
Eddie Luna to third
Batting: RHB Joaquin Salazar 0-0: Ball
1-0: Foul Ball, location: 2F
1-1: Ground out 1-3 (Groundball, P, EV 72.5 MPH)
Bottom of the 3rd over - 5 runs, 4 hits, 0 errors, 2 left on base; Kelowna 1 - Victoria 6
TOP OF THE 4TH
Kelowna Heat batting - Pitching for Victoria Capitals : RHP Ron Skiles
Batting: LHB Chris West 0-0: Ground out 4-3 (Groundball, 4MS, EV 80.0 MPH)
Batting: RHB Malik Sharpless 0-0: Called Strike
0-1: Ball
1-1: Foul Ball, location: 2F
1-2: Strikes out swinging
Batting: RHB Zach Maguire 0-0: Called Strike
0-1: Ball
1-1: Ball
2-1: Swinging Strike
2-2: Strikes out swinging
Top of the 4th over - 0 runs, 0 hits, 0 errors, 0 left on base; Kelowna 1 - Victoria 6
BOTTOM OF THE 4TH
Victoria Capitals batting - Pitching for Kelowna Heat : LHP Jordan Ruiz
Batting: LHB Jason Kinney 0-0: Called Strike
0-1: Foul Ball, location: 2F
0-2: Ball
1-2: Foul Ball, location: 2F
1-2: SINGLE (Line Drive, 4MD, EV 100.0 MPH)
Pitching: RHP Jonathan Fritzinger
Batting: LHB Chris Jackson 0-0: Fielders Choice at 2nd, 4-6 (Groundball, 4S, EV 84.4 MPH)
Batting: RHB Chris Skaff 0-0: Ball
Chris Jackson is caught stealing 2nd base 2-4
1-0: Foul Ball, location: 2F
1-1: Ground out 5-3 (Groundball, 56S, EV 70.6 MPH)
Bottom of the 4th over - 0 runs, 1 hit, 0 errors, 0 left on base; Kelowna 1 - Victoria 6
TOP OF THE 5TH
Kelowna Heat batting - Pitching for Victoria Capitals : RHP Ron Skiles
Batting: RHB Vinny Torres 0-0: Foul Ball, location: 2F
0-1: Called Strike
0-2: Strikes out looking
Batting: RHB Armando Ramirez 0-0: Called Strike
0-1: Swinging Strike
0-2: Ball
1-2: Strikes out looking
Batting: RHB Ricky Aguilar 0-0: Called Strike
0-1: Called Strike
0-2: Foul Ball, location: 2F
0-2: Ball
1-2: Ball
2-2: Ball
3-2: Strikes out swinging
Top of the 5th over - 0 runs, 0 hits, 0 errors, 0 left on base; Kelowna 1 - Victoria 6
BOTTOM OF THE 5TH
Victoria Capitals batting - Pitching for Kelowna Heat : RHP Jonathan Fritzinger
Batting: RHB Jose Zuniga 0-0: Swinging Strike
0-1: Ball
1-1: Swinging Strike
1-2: Foul Ball, location: 2F
1-2: Strikes out swinging, 2-3 out at first.
Batting: LHB William Gonzales 0-0: Ball
1-0: Ball
2-0: Called Strike
2-1: Called Strike
2-2: Strikes out swinging
Batting: RHB Victor Ramirez 0-0: Ball
1-0: Ball
2-0: SINGLE (Flyball, 89S, EV 89.4 MPH)
Batting: RHB Eddie Luna 0-0: Called Strike
0-1: Ball
Passed Ball!
Victor Ramirez to second
1-1: Ball
Passed Ball!
Victor Ramirez to third
2-1: Ball
3-1: Foul Ball, location: 2F
3-2: SINGLE (Popup, 25, EV 83.1 MPH)
Victor Ramirez scores
Batting: RHB Ziven Badersky 0-0: Ball
1-0: Ball
2-0: Called Strike
2-1: SINGLE (Groundball, 34, EV 95.0 MPH)
Eddie Luna to second
Throwing error, E9
Eddie Luna scores
Ziven Badersky to second
Batting: RHB Joaquin Salazar 0-0: Called Strike
0-1: Fly out, F9 (Flyball, 9LS, EV 90.6 MPH)
Bottom of the 5th over - 2 runs, 3 hits, 1 error, 1 left on base; Kelowna 1 - Victoria 8
TOP OF THE 6TH
Kelowna Heat batting - Pitching for Victoria Capitals : RHP Ron Skiles
Batting: RHB Tsugio Yamaguchi 0-0: Ball
1-0: Ground out 4-3 (Groundball, 4MS, EV 86.2 MPH)
Batting: LHB Mason Duffy 0-0: Called Strike
0-1: Ball
1-1: Foul Ball, location: 2F
1-2: Strikes out swinging
Batting: RHB Ryan Roberts 0-0: Ground out 4-3 (Groundball, 4, EV 106.9 MPH)
Top of the 6th over - 0 runs, 0 hits, 0 errors, 0 left on base; Kelowna 1 - Victoria 8
BOTTOM OF THE 6TH
Victoria Capitals batting - Pitching for Kelowna Heat : RHP Jonathan Fritzinger
Batting: LHB Jason Kinney 0-0: Foul Ball, location: 2F
0-1: Fly out, F7 (Flyball, 7, EV 85.6 MPH)
Batting: LHB Chris Jackson 0-0: Ball
1-0: Ball
2-0: Ball
3-0: Called Strike
3-1: SOLO HOME RUN (Flyball, 89XD, EV 106.2 MPH), Distance : 412 ft
Batting: RHB Chris Skaff 0-0: Foul Ball, location: 2F
0-1: Foul Ball, location: 2F
0-2: Strikes out swinging
Batting: RHB Jose Zuniga 0-0: Called Strike
0-1: Called Strike
0-2: Ball
1-2: Foul Ball, location: 2F
1-2: Ball
2-2: Ball
3-2: Strikes out looking
Bottom of the 6th over - 1 run, 1 hit, 0 errors, 0 left on base; Kelowna 1 - Victoria 9
TOP OF THE 7TH
Kelowna Heat batting - Pitching for Victoria Capitals : RHP Ron Skiles
Batting: LHB Chris West 0-0: Ball
1-0: Ball
2-0: Called Strike
2-1: Called Strike
2-2: Ground out 4-3 (Groundball, 4, EV 78.1 MPH)
Batting: RHB Malik Sharpless 0-0: Called Strike
0-1: Ball
1-1: Foul Ball, location: 2F
1-2: Ground out 5-3 (Groundball, 5, EV 91.2 MPH)
Batting: RHB Zach Maguire 0-0: Ball
1-0: Ball
2-0: Ball
3-0: Base on Balls
Pitching: RHP Mario Mata
Batting: RHB Vinny Torres 0-0: Called Strike
Zach Maguire steals 2nd base (no throw)
0-1: Ball
1-1: Foul Ball, location: 2F
1-2: Foul Ball, location: 2F
1-2: Ground out 5-3 (Groundball, 56S, EV 83.1 MPH)
Top of the 7th over - 0 runs, 0 hits, 0 errors, 1 left on base; Kelowna 1 - Victoria 9
BOTTOM OF THE 7TH
Victoria Capitals batting - Pitching for Kelowna Heat : RHP Jonathan Fritzinger
Pitching: RHP François Leclerc
Batting: LHB William Gonzales 0-0: Ball
1-0: Called Strike
1-1: Fly out, F9 (Flyball, 9S, EV 88.8 MPH)
Batting: RHB Victor Ramirez 0-0: Ball
1-0: DOUBLE (Groundball, 5L, EV 100.0 MPH)
Batting: RHB Eddie Luna 0-0: Called Strike
0-1: Foul Ball, location: 2F
0-2: Ball
1-2: Ball
2-2: Ground out 5-3 (Groundball, 56, EV 109.4 MPH)
Batting: RHB Ziven Badersky 0-0: Ball
1-0: Ball
2-0: Called Strike
2-1: Ground out 4-3 (Groundball, 4, EV 84.4 MPH)
Bottom of the 7th over - 0 runs, 1 hit, 0 errors, 1 left on base; Kelowna 1 - Victoria 9
TOP OF THE 8TH
Kelowna Heat batting - Pitching for Victoria Capitals : RHP Mario Mata
Batting: RHB Armando Ramirez 0-0: Ball
1-0: Ground out 1-3 (Groundball, 34S, EV 65.6 MPH)
Pinch Hitting: LHB Mike Roberts 0-0: Ball
1-0: Swinging Strike
1-1: Foul Ball, location: 2F
1-2: Ball
2-2: Foul Ball, location: 2F
2-2: Ball
3-2: Base on Balls
Batting: RHB Tsugio Yamaguchi 0-0: Ball
1-0: Swinging Strike
1-1: Foul Ball, location: 2F
1-2: Strikes out swinging
Pinch Hitting: LHB Kuan Hsia 0-0: Fly out, F6 (Line Drive, 6, EV 68.1 MPH)
Top of the 8th over - 0 runs, 0 hits, 0 errors, 1 left on base; Kelowna 1 - Victoria 9
BOTTOM OF THE 8TH
Victoria Capitals batting - Pitching for Kelowna Heat : RHP François Leclerc
Now in LF: Kuan Hsia
Now in RF: Mike Roberts
Pinch Hitting: RHB Ricky Ramirez 0-0: Ball
1-0: Ball
2-0: Called Strike
2-1: Called Strike
2-2: Ball
3-2: Strikes out swinging
Batting: LHB Jason Kinney 0-0: Fly out, F7 (Line Drive, 78M, EV 93.8 MPH)
Batting: LHB Chris Jackson 0-0: Ball
1-0: Ball
2-0: Called Strike
2-1: Swinging Strike
2-2: Strikes out swinging
Bottom of the 8th over - 0 runs, 0 hits, 0 errors, 0 left on base; Kelowna 1 - Victoria 9
TOP OF THE 9TH
Kelowna Heat batting - Pitching for Victoria Capitals : RHP Mario Mata
Now in CF: Raghnall Ahearne
Batting: RHB Ryan Roberts 0-0: Called Strike
0-1: Swinging Strike
0-2: Hit by Pitch
Batting: LHB Chris West 0-0: Swinging Strike
0-1: Ball
1-1: Foul Ball, location: 2F
1-2: Grounds into double play, 6-4-3 (Groundball, 6M, EV 84.4 MPH)
Batting: RHB Malik Sharpless 0-0: Ball
1-0: Foul Ball, location: 2F
1-1: Foul Ball, location: 2F
1-2: Ball
2-2: Fly out, F7 (Flyball, 7, EV 85.6 MPH)
Top of the 9th over - 0 runs, 0 hits, 0 errors, 0 left on base; Kelowna 1 - Victoria 9
Tuesday, September 13th , 2022 - OOTP Baseball 23.7 Build 88